[Event "Early-Titled-Tuesday-Blitz-January-30-2024"]
[Site "Chess.com"]
[Date "2024.01.30"]
[Round "1"]
[White "Cambek64"]
[Black "K_A_S_T_O_R"]
[Result "0-1"]
[WhiteElo "2503"]
[BlackElo "2912"]
[TimeControl "180+1"]
[EndTime "8:08:45 PST"]
[Termination "K_A_S_T_O_R won on time"]

1. b3 c5 2. Bb2 d5 3. e3 Nf6 4.
Nf3 a6 5. Be2 Bg4 6. O-O Nc6 7.
d3 e6 8. Nbd2 Bd6 9. c4 O-O 10. a3 Qe7 11. h3 Bh5 12. Qc2 Rfd8 13. Rfe1 Rac8 14. Rad1 h6 15. Qb1 Bg6 16. Qa1 Bb8 17.
cxd5 Rxd5 18. e4 Rdd8 19. Nc4 b5 20. Nce5 Nxe5 21. Bxe5 Bxe5 22. Nxe5 Bh7 23. Qb2 Ne8 24. f4 Nd6 25. Nf3 Qc7 26. Bf1 Ne8 27. g3 Nf6 28. Kh2 Qb6 29. Rc1 Rc7 30. Rc2 Rdc8 31. g4 Nd7 32. Kg2 Qd6 33. Ne5 f6 34. Nxd7 Rxd7 35. f5 e5 36. Rec1 Rdc7 37. Be2 Kf8 38. b4 cxb4 39.
Rxc7 Rxc7 40. Rxc7 Qxc7 41. Qxb4+ Ke8 42. Bd1 Bg8 43.
Bb3 Bxb3 44. Qxb3 Kf8 45. Kf3 Qd6 46. Ke2 Qc5 47. h4 a5 48. Kf3 b4 49. axb4 axb4 50.
Ke2 Qd4 51. Qa2 Qb6 52. Qb3 Ke7 53. Kd1 Kd6 54. Qe6+ Kc7 55. Qe7+ Kb8 56. Qe8+ Kb7 57.
Qf7+ Qc7 58. Qd5+ Kb6 59. Qe6+ Kb5 0-1

[Event "Early-Titled-Tuesday-Blitz-January-30-2024"]
[Site "Chess.com"]
[Date "2024.01.30"]
[Round "1"]
[White "Me_ch_an"]
[Black "Willhaven3"]
[Result "1-0"]
[WhiteElo "2323"]
[BlackElo "2616"]
[TimeControl "180+1"]
[EndTime "8:08:47 PST"]
[Termination "Me_ch_an won by resignation"]

1. e4 c5 2. Nc3 Nc6 3. g3 d6 4.
Bg2 g6 5. d3 Bg7 6. Be3 Nh6 7.
h3 f5 8. Qd2 Nf7 9. f4 O-O 10.
Nf3 Nd4 11. O-O Rb8 12. Qf2 e5 13. Nd5 Be6 14. c3 Nxf3+ 15. Qxf3 b6 16. Rad1 Kh8 17.
Kh2 Qd7 18. Qf2 Rbe8 19. d4 cxd4 20. cxd4 Bxd5 21. exd5 e4 22. Qe2 Rc8 23. Rc1 Qa4 24. b3 Qb4 25. Rc6 Qa5 26. Qc4 Rcd8 27. b4 Qa4 28. Rc1 Rd7 29. b5 Qxc4 30. R1xc4 Bf6 31. Rc7 Rfd8 32. g4 Kg7 33. Kg3 Kf8 34. h4 Be7 35. Bh3 Nh6 36. g5 Nf7 37. Bf1 Ke8 38. Be2 Rxc7 39. Rxc7 Rd7 40. Rc6 Kd8 41. a4 Rb7 42.
Bd2 Kd7 43. a5 bxa5 44. Bxa5 Bd8 45. Ra6 Bb6 46. Bxb6 axb6 47. Ra8 Nd8 48. h5 Kc7 49. hxg6 hxg6 50. Ra1 Kd7 51. Rh1 Ke7 52. Rh7+ Nf7 53. Rg7 Rb8 54. Rxg6 Rh8 55. Rg7 Kf8 56. Rg6 Ke7 57. Rf6 Kd7 58. Rxf5 Nd8 59. Bg4 Ke7 60. Rf6 Re8 61. Rh6 Nf7 62. Rh7 Kf8 63. g6 Nd8 64. Rh8+ Ke7 65. g7 1-0

[Event "Early-Titled-Tuesday-Blitz-January-30-2024"]
[Site "Chess.com"]
[Date "2024.01.30"]
[Round "1"]
[White "cristianserban1"]
[Black "nikitadovbnya2008"]
[Result "1-0"]
[WhiteElo "2574"]
[BlackElo "2139"]
[TimeControl "180+1"]
[EndTime "8:08:47 PST"]
[Termination "cristianserban1 won by resignation"]

1. Nf3 Nf6 2. g3 b6 3. Bg2 Bb7 4. O-O e6 5. b3 Be7 6. Bb2 O-O 7. c4 c5 8. e3 d6 9. Qe2 Nbd7 10. Rd1 Qc7 11. d4 cxd4 12. Nxd4 a6 13. Nc3 Rfd8 14. Rac1 Rac8 15. e4 Qb8 16. Rc2 Bf8 17. Rcd2 Nc5 18. Nc2 b5 19. b4 Na4 20. Nxa4 bxa4 21. f3 Be7 22. Ne3 Bc6 23. a3 a5 24. b5 Bb7 25. Bd4 Nd7 26. Bc3 Qc7 27. Qe1 Nc5 28. Rc2 Nb3 29. Bf1 d5 30. cxd5 exd5 31. Bxg7 Qb6 32.
Rxc8 Rxc8 33. Bb2 Bc5 34. Kf2 dxe4 35. f4 Rd8 36. Rxd8+ Qxd8 37. Bc3 Bb6 38. Qe2 Bc8 39. Kg2 Qc7 40. Nd5 Qc5 41. Nf6+ Kf8 42. Nxh7+ Ke7 43. Qxe4+ Be6 44. Bf6+ Kd7 45. Qb7+ Qc7 46. Qxc7+ Bxc7 47. Nf8+ Ke8 48. Nxe6 fxe6 49. Bc4 Bd6 50. Bb2 Nd2 51.
Bxe6 Nb1 52. b6 Nxa3 53. b7 Nb5 54. Bd5 Na7 55. Bc3 a3 56. Bxa5 Kd7 57. Bb6 Bb8 58. Bd4 Nc6 59. Ba2 Nxd4 60. h4 Nc6 61. h5 Ke7 62. h6 Kf8 63. g4 Nb4 64. Bb3 a2 65. Bxa2 Nxa2 66. Kf3 Nb4 67. g5 Nd5 68. f5 Ne7 69.
Kg4 Nc6 70. g6 Nd8 71. f6 Nxb7 72. h7 1-0

[Event "Early-Titled-Tuesday-Blitz-January-30-2024"]
[Site "Chess.com"]
[Date "2024.01.30"]
[Round "1"]
[White "Rdeux42"]
[Black "Pliukha_Mikhail"]
[Result "1-0"]
[WhiteElo "2443"]
[BlackElo "2758"]
[TimeControl "180+1"]
[EndTime "8:08:49 PST"]
[Termination "Rdeux42 won by checkmate"]

1. e4 d5 2. exd5 Qxd5 3. Nc3 Qe5+ 4. Be2 Bg4 5. d4 Bxe2 6. Qxe2 Qa5 7. Nf3 Nf6 8. Qb5+ Qxb5 9. Nxb5 Na6 10. Bf4 c6 11. Nc7+ Nxc7 12. Bxc7 e6 13. O-O-O Be7 14. h3 O-O 15.
Rhe1 Rac8 16. Be5 Nd5 17. Kb1 c5 18. c4 Nb6 19. b3 cxd4 20. Nxd4 Bc5 21. Bg3 a6 22.
Ne2 Rfd8 23. Kc2 Kf8 24. Rxd8+ Rxd8 25. Rd1 Rxd1 26. Kxd1 Ke7 27. Kc2 f5 28. Be5 g6 29.
f3 Nd7 30. Bd4 Bxd4 31. Nxd4 e5 32. Ne2 Kd6 33. b4 e4 34. fxe4 fxe4 35. Kd2 Ne5 36. Ke3 Nxc4+ 37. Kxe4 Na3 38. Nd4 b5 39.
g4 Nc4 40. g5 Nb6 41. Nb3 Nd5 42. a3 Nc3+ 43. Kd4 Nb1 44. Nc5 Nxa3 45. Nxa6 Nc2+ 46. Ke4 Kc6 47. Kd3 Ne1+ 48. Ke2 Ng2 49. Kf3 Nh4+ 50. Ke4 Nf5 51. Ke5 Nd6 52. h4 Nf5 53. h5 Ne7 54. h6 Kb6 55. Kf6 Nd5+ 56. Kg7 Kxa6 57. Kxh7 Nf4 58. Kg8 Ne6 59. h7 Nxg5 60. h8=Q Ne4 61.
Qd4 Ng3 62. Qd6+ Kb7 63. Qxg3 Kc6 64. Qe5 g5 65. Qc5+ Kd7 66. Qxb5+ Ke6 67. Qxg5 Kd6 68.
Qc5+ Kd7 69. b5 Kd8 70. b6 Kd7 71. b7 Kd8 72. b8=Q+ Kd7 73. Qbd6+ Ke8 74. Qce5# 1-0

[Event "Early-Titled-Tuesday-Blitz-January-30-2024"]
[Site "Chess.com"]
[Date "2024.01.30"]
[Round "1"]
[White "astralpulse"]
[Black "szefru"]
[Result "1/2-1/2"]
[WhiteElo "2609"]
[BlackElo "2282"]
[TimeControl "180+1"]
[EndTime "8:08:49 PST"]
[Termination "Game drawn by repetition"]

1. Nf3 Nf6 2. d4 g6 3. g3 Bg7 4.
Bg2 d5 5. O-O O-O 6. Be3 Ng4 7.
Bf4 c5 8. c3 cxd4 9. cxd4 Nc6 10. Nc3 Na5 11. Rc1 Nc4 12. h3 Nf6 13. Ne5 Nh5 14.
Nxd5 Nxf4 15. gxf4 Nd6 16. Nc3 Bh6 17. e3 Nf5 18.
Qe2 Nh4 19. f3 Nxg2 20. Qxg2 f6 21. Ng4 Bg7 22. Rfd1 Be6 23. d5 Bd7 24. e4 Qb6+ 25.
Kh1 Rad8 26. h4 h5 27. Nf2 Kh7 28. Rg1 Be8 29. Nd3 e5 30. f5 g5 31. hxg5 fxg5 32. Qxg5 Bh6 33. Qe7+ Rf7 34. Qxe5 Bxc1 35. Nxc1 Bd7 36. f6 Rxf6 37. Nd3 Rg8 38. Rg2 Rxg2 39. Kxg2 Rg6+ 40. Kf1 Qg1+ 41. Ke2 Rg2+ 42. Nf2 Qxf2+ 43. Kd3 Qd2+ 44. Kc4 b5+ 45. Kc5 Qe3+ 46. Kd6 Qh6+ 47. Kc7 Rg7 48. d6 Be6+ 49. d7 Rxd7+ 50. Kc6 Qg6 51.
Kc5 Bf7 52. Nd5 Rd8 53. Nf6+ Kh6 54. Qf4+ Qg5+ 55. Qxg5+ Kxg5 56. e5 Kf5 57. Ne4 Kxe5 58. Ng5 Kf4 59. Nxf7 Rf8 60. Nd6 Rf5+ 61. Kc6 Rf6 62.
Kd5 h4 63. Nxb5 h3 64. Nd4 Rf8 65. Ne2+ Kxf3 66. Ng1+ Kg2 67. Nxh3 Kxh3 68. b4 Rf2 69. a4 Rg2 70. a5 Rg5+ 71. Kc6 Kg4 72. b5 Kf4 73. a6 Rg7 74. b6 axb6 75. Kxb6 Ke5 76.
a7 Rg6+ 77. Kb7 Rg7+ 78. Kb6 Rg8 79. Kb7 Rg7+ 80. Kb8 Rg8+ 81. Kb7 Rg7+ 1/2-1/2

[Event "Early-Titled-Tuesday-Blitz-January-30-2024"]
[Site "Chess.com"]
[Date "2024.01.30"]
[Round "1"]
[White "bolwin"]
[Black "Sadykov_Ramil"]
[Result "0-1"]
[WhiteElo "2266"]
[BlackElo "2614"]
[TimeControl "180+1"]
[EndTime "8:08:52 PST"]
[Termination "Sadykov_Ramil won by checkmate"]

1. Nf3 c5 2. c4 Nc6 3. Nc3 e5 4. e3 f5 5. d3 Nf6 6. Be2 d5 7. cxd5 Nxd5 8. O-O Be7 9. a3 Be6 10. Bd2 O-O 11. Rc1 Rc8 12. Nxd5 Qxd5 13. Bc3 Bf6 14. Qa4 Qd7 15. Rfd1 Nd4 16. Qxd7 Nxe2+ 17.
Kf1 Bxd7 18. Kxe2 Rfe8 19. b4 Kf7 20. bxc5 Rxc5 21. d4 Bb5+ 22. Ke1 exd4 23. Bxd4 Rxc1 24. Rxc1 Bc6 25. Bxf6 Kxf6 26. Ke2 f4 27. Rc3 fxe3 28. Rxe3 Bb5+ 29. Kd2 Rxe3 30. Kxe3 Bc6 31. Ne1 h6 32. g3 b5 33. Nc2 Ke5 34. Nd4 Bd7 35.
f4+ Kd5 36. Kd3 a5 37. Kc3 b4+ 38. axb4 axb4+ 39. Kd3 Bc8 40. Ke3 Kc4 41. Nc2 b3 42.
Na3+ Kb4 43. Nb1 Bf5 44. Nd2 b2 45. Kd4 Bc2 46. Nb1 Kb3 47. Nd2+ Ka2 48. g4 Ka3 49. f5 Kb4 50. h4 b1=Q 51. Nxb1 Bxb1 52. g5 hxg5 53.
hxg5 Bxf5 54. Ke5 g6 55. Kf6 Kc4 56. Ke5 Kd3 57. Kf4 Kd4 58. Kg3 Ke3 59. Kg2 Kf4 60. Kf2 Kxg5 61. Kg2 Kf4 62. Kh2 g5 63. Kg2 g4 64.
Kh2 g3+ 65. Kg1 Kf3 66. Kf1 g2+ 67. Kg1 Be4 68. Kh2 Kf2 69. Kh3 g1=Q 70. Kh4 Bg6 71. Kh3 Qg3# 0-1

[Event "Early-Titled-Tuesday-Blitz-January-30-2024"]
[Site "Chess.com"]
[Date "2024.01.30"]
[Round "1"]
[White "Alexei_Kornev"]
[Black "LangesNasenhaar"]
[Result "1/2-1/2"]
[WhiteElo "2731"]
[BlackElo "2412"]
[TimeControl "180+1"]
[EndTime "8:08:57 PST"]
[Termination "Game drawn by repetition"]

1. e4 g6 2. d4 Bg7 3. Nf3 c6 4. c4 d5 5. e5 Bg4 6. cxd5 cxd5 7. Nbd2 Nc6 8. h3 Bxf3 9. Nxf3 e6 10. Be2 Qa5+ 11. Bd2 Qb6 12. Bc3 Nge7 13. O-O O-O 14. Bd3 Nf5 15. Qa4 a6 16. Rac1 Rac8 17. Rfe1 Qd8 18. a3 Ra8 19. Qd1 Rc8 20. Qa4 Ra8 21.
Bxf5 gxf5 22. Bb4 Nxb4 23. Qxb4 Qd7 24. Qb6 Rfc8 25. Nd2 Bh6 26. Rxc8+ Rxc8 27. Nb3 Qb5 28. Qxb5 axb5 29. Re2 Rc4 30. Kf1 b4 31. a4 b6 32. Ke1 Kf8 33. Kd1 Ke7 34. Rc2 Kd7 35. g3 f4 36. g4 f3 37. h4 Bf4 38. a5 bxa5 39. Rxc4 dxc4 40. Nxa5 c3 41. bxc3 bxc3 42.
Kc2 Bd2 43. Nb3 Be1 44. Nc5+ Kc6 45. Ne4 Kd5 46. Ng5 Bxf2 47. h5 Bxd4 48. Nxf3 Bxe5 49. Ng5 f5 50. gxf5 exf5 51. Nxh7 Ke4 52. h6 f4 53.
Ng5+ Kf5 54. Nf3 Bf6 55. Kd3 Kg6 56. Ne1 Kxh6 57. Ke4 Kg5 58. Kf3 Kf5 59. Nd3 Be5 60. Ke2 Ke4 61. Nf2+ Kd4 62. Kd1 Ke3 63. Ng4+ Kd4 64.
Ke2 Bg7 65. Kd1 Kc4 66. Kc2 f3 67. Nf2 Bd4 68. Ne4 f2 69. Ng3 Be3 70. Nf1 Kd4 71. Ng3 Ke5 72. Kxc3 Kf4 73. Nf1 Bb6 74. Kd3 Kf3 75.
Nd2+ Kg2 76. Ke2 Ba5 77. Nf1 Bb6 78. Nd2 Ba5 79. Nf1 Bb6 80. Nd2 1/2-1/2

[Event "Early-Titled-Tuesday-Blitz-January-30-2024"]
[Site "Chess.com"]
[Date "2024.01.30"]
[Round "1"]
[White "Sattarov_Bobur"]
[Black "ACollins05"]
[Result "0-1"]
[WhiteElo "2780"]
[BlackElo "2459"]
[TimeControl "180+1"]
[EndTime "8:08:58 PST"]
[Termination "ACollins05 won on time"]

1. e4 c5 2. Nc3 Nc6 3. Nge2 Nf6 4. d4 cxd4 5. Nxd4 d6 6. f3 e5 7. Nb3 Be6 8. Be3 d5 9. exd5 Nxd5 10. Nxd5 Qxd5 11.
Qxd5 Bxd5 12. O-O-O O-O-O 13. Bb5 a6 14. Be2 Kc7 15.
Kb1 Be7 16. c3 Be6 17. Nc5 Bf5+ 18. Kc1 Rxd1+ 19. Rxd1 Rd8 20. Na4 Rxd1+ 21. Kxd1 Be6 22. Bb6+ Kc8 23. b3 Bd8 24. Be3 h5 25. Kc2 Be7 26.
Nc5 Bf5+ 27. Bd3 Bxd3+ 28. Kxd3 Bxc5 29. Bxc5 Kd7 30. a4 Ke6 31. c4 f5 32. b4 Nb8 33. b5 Nd7 34. Be3 Nf6 35. Kc3 e4 36. Kd4 exf3 37. gxf3 Nd7 38. c5 axb5 39. axb5 Ne5 40. c6 bxc6 41. b6 Nxf3+ 42. Kc5 Ne5 43. b7 Ke7 44. Bf4 Nd7+ 45. Kxc6 Ke6 46. h4 Ke7 47. Bh2 Ke6 48. Bd6 g6 49. Bf4 Ke7 50. Bg3 Kd8 51. Kd6 Ke8 52. Bf4 Kd8 53. Be3 Ke8 54. Bg5 Nb8 55. Kc7 Nd7 56. Kd6 Nb8 57.
Ke6 Nd7 58. Bf4 Nc5+ 59. Kf6 Nxb7 60. Kxg6 Nc5 61. Kxh5 Ne6 62. Be5 Kf7 63. Kh6 Kg8 64. Kg6 f4 65. h5 f3 66. h6 Nf8+ 0-1

[Event "Early-Titled-Tuesday-Blitz-January-30-2024"]
[Site "Chess.com"]
[Date "2024.01.30"]
[Round "1"]
[White "Vlad_Lukiianchuk"]
[Black "AsselLesbekova"]
[Result "1-0"]
[WhiteElo "2632"]
[BlackElo "2305"]
[TimeControl "180+1"]
[EndTime "8:09:00 PST"]
[Termination "Vlad_Lukiianchuk won by resignation"]

1. d4 d5 2. Bf4 c5 3. e3 e6 4. Nc3 Bd6 5. Bxd6 Qxd6 6. Nb5 Qb6 7.
Qg4 g6 8. Qf4 Na6 9. O-O-O f6 10. c4 Bd7 11. dxc5 Qxc5 12. Qd6 Bxb5 13. Qxe6+ Ne7 14. Rxd5 Qc8 15. Qxf6 Nxd5 16. Qxh8+ Kd7 17. Qxh7+ Ne7 18. b3 Bc6 19. Nf3 Qh8 20. Qxh8 Rxh8 21. Be2 Nb4 22. a3 Na6 23. h3 Kc7 24. Kb2 Nc5 25.
Rd1 Rd8 26. Rxd8 Kxd8 27. Ne1 Ne4 28. f3 Nf6 29. Bd3 Nh5 30. Kc3 Kd7 31. Nc2 Kd6 32. Nd4 Bd7 33. b4 Nf5 34. Nxf5+ Bxf5 35. e4 Be6 36.
Kd4 Nf4 37. e5+ Ke7 38. Be4 Bc8 39. g3 Nxh3 40. Bxg6 Ng1 41. f4 Ne2+ 42. Ke3 Nxg3 43. Bc2 Nf5+ 44. Ke4 Ng7 45. Kd4 Bf5 46. Bd1 Ne6+ 47.
Ke3 b6 48. Bf3 Bc2 49. Bd5 Bf5 50. Bc6 Nd8 51. Bf3 Nf7 52. Be2 Nh6 53. c5 Ng4+ 54. Kd4 Nh6 55. cxb6 axb6 56. a4 Bd7 57. a5 Nf5+ 58.
Kd5 Ne3+ 59. Ke4 Nc2 60. axb6 Bc6+ 61. Kd3 Nxb4+ 62. Kc4 Na6 63. Kd4 Nb8 64. Bc4 Kd7 65. f5 Ke7 66. f6+ Ke8 67. Kc5 Bd7 68. Kd6 Ba4 69.
e6 Nc6 70. Be2 Nd4 71. Bh5+ Kf8 72. e7+ Kg8 73. e8=Q+ Bxe8 74. Bxe8 Nf5+ 75. Ke5 1-0

[Event "Early-Titled-Tuesday-Blitz-January-30-2024"]
[Site "Chess.com"]
[Date "2024.01.30"]
[Round "1"]
[White "iwanyu"]
[Black "Truequitos"]
[Result "1-0"]
[WhiteElo "2845"]
[BlackElo "2471"]
[TimeControl "180+1"]
[EndTime "8:09:03 PST"]
[Termination "iwanyu won by resignation"]

1. d4 d5 2. c4 Nc6 3. Nf3 e5 4.
Nxe5 Nxe5 5. dxe5 d4 6. g3 c6 7. Bg2 Qa5+ 8. Nd2 Qxe5 9. O-O Bc5 10. Ne4 Nf6 11. Bf4 Qe7 12. Nxc5 Qxc5 13. e3 dxe3 14.
Bxe3 Qf5 15. Qd6 Qe6 16. Qb4 a5 17. Qa3 Qxc4 18. Rfe1 Be6 19. Bc5 Nd7 20. Rac1 Qb5 21. Bd4 Qb4 22. Bxg7 Rg8 23. Qc3 Qxc3 24. Bxc3 a4 25. Rcd1 O-O-O 26. a3 Nc5 27. Bf6 Rd3 28. Rxd3 Nxd3 29. Rd1 Bf5 30. Bf1 Nc5 31. f3 Rg6 32. Bc3 b5 33. Kf2 Re6 34. g4 Bc2 35. Rd2 Bg6 36. Ba5 Re8 37. h4 h5 38. Bh3 Kb7 39. gxh5 Bxh5 40. Bb4 Kb6 41. Bf5 Nb3 42. Rd7 Bg6 43.
Bg4 Nc1 44. h5 Nd3+ 45. Kg3 Bh7 46. Rxf7 Bg8 47. Rg7 Nxb2 48. h6 Nc4 49. h7 Bxh7 50. Rxh7 Re3 51. Kf2 Rb3 52. Be6 Rd3 53. Bxc4 bxc4 54.
Ke2 Rd5 55. Rh6 Kb5 56. Rd6 Re5+ 57. Kf2 c5 58. Bc3 Re8 59. Rd2 Kc6 60. Rb2 Rd8 61.
Ke2 Rd3 62. Rc2 Kd5 63. Bb2 Rb3 64. Bc1 c3 65. Kd3 c4+ 66. Ke3 Ke5 67. f4+ Kf5 68.
Kf3 Kf6 69. Ke4 Ke6 70. Kd4 Kf5 71. Rxc3 Rb1 72. Rxc4 1-0

[Event "Early-Titled-Tuesday-Blitz-January-30-2024"]
[Site "Chess.com"]
[Date "2024.01.30"]
[Round "1"]
[White "Egor_Koshulyan"]
[Black "leotobares"]
[Result "1/2-1/2"]
[WhiteElo "2657"]
[BlackElo "2359"]
[TimeControl "180+1"]
[EndTime "8:09:03 PST"]
[Termination "Game drawn by stalemate"]

1. e4 c5 2. Nf3 d6 3. d4 cxd4 4.
Qxd4 Bd7 5. Nc3 Nc6 6. Qd1 Nf6 7. Be3 g6 8. Bc4 Bg7 9. O-O O-O 10. h3 Rc8 11. Bb3 Na5 12. Nd4 Rxc3 13. bxc3 Nxe4 14. Qd3 Nc5 15. Qe2 a6 16. Rfe1 Re8 17. Qf3 Rf8 18.
Bg5 Naxb3 19. axb3 Ne6 20. Nxe6 Bxe6 21. Qxb7 Bxc3 22. Bxe7 Qc8 23. Qf3 Bxe1 24. Rxe1 Re8 25. Bf6 Bf5 26. Rxe8+ Qxe8 27. Qf4 Qe6 28. Bb2 Bxc2 29.
b4 Bf5 30. Qd4 Qe5 31. Qd2 Qe4 32. Qc3 Qe5 33. Qd2 Qe4 34. Qxd6 Qb1+ 35. Bc1 Qxc1+ 36. Kh2 h5 37. g4 hxg4 38. hxg4 Be6 39. Qd8+ Kg7 40. g5 Qc3 41. Qd6 Qh3+ 42. Kg1 Qg4+ 43. Kf1 Qxg5 44. Qd4+ Qf6 45. Qc5 Bf5 46. Kg2 Be4+ 47.
Kf1 Bd3+ 48. Ke1 Qe6+ 49. Kd2 Qe2+ 50. Kc1 Qe1+ 51. Kb2 Qd2+ 52. Kb3 Qd1+ 53. Kb2 Qd2+ 54. Kb3 Bb5 55. Qe5+ Kg8 56. Qb8+ Kh7 57. Qh2+ Qh6 58. Qc7 Qh3+ 59. Kb2 Qg2 60. Qxf7+ Kh6 61. Qf8+ Kg5 62.
Qe7+ Kg4 63. Qe6+ Kf3 64. Qe3+ Kg4 65. Qe6+ Kh5 66. Qe5+ Qg5 67. Qh2+ Qh4 68. Qe5+ g5 69. Qh8+ Kg4 70. Qd4+ Kf3 71. Qe3+ Kg2 72. Kb1 Qxf2 73.
Qxg5+ Kf3 74. Qf5+ Ke2 75. Qxf2+ Kxf2 76. Kb2 Ke3 77.
Ka1 Kd4 78. Kb2 Kc4 79. Ka1 Kb3 80. Kb1 Bd3+ 81. Ka1 Bc2 82. b5 axb5 1/2-1/2

[Event "Early-Titled-Tuesday-Blitz-January-30-2024"]
[Site "Chess.com"]
[Date "2024.01.30"]
[Round "1"]
[White "Lion-Al-Messi"]
[Black "ritanovikova"]
[Result "0-1"]
[WhiteElo "2565"]
[BlackElo "2206"]
[TimeControl "180+1"]
[EndTime "8:09:04 PST"]
[Termination "ritanovikova won by checkmate"]

1. e4 e5 2. Nf3 Nf6 3. d4 Nxe4 4.
Bd3 d5 5. Nxe5 Bd6 6. Nc3 Nxc3 7. bxc3 Qe7 8. O-O Nd7 9. Nxd7 Bxd7 10. Re1 Be6 11. f4 O-O-O 12. f5 Qh4 13. fxe6 Qxh2+ 14. Kf1 Bg3 15. Be3 fxe6 16. Qg4 Rhf8+ 17. Ke2 Qxg2+ 18. Kd1 Qf3+ 19. Qxf3 Rxf3 20. Bg5 Bxe1 21. Bxd8 Bxc3 22. Rb1 Kxd8 23. Ke2 Rh3 24. Rxb7 Ba5 25. Rxa7 Bb6 26. Ra8+ Ke7 27. a4 Bxd4 28. a5 Rh2+ 29. Kf3 Rh1 30.
a6 Ra1 31. Rh8 h6 32. Rc8 Kd6 33. Rd8+ Ke7 34. Rc8 Kd6 35. Rd8+ Ke7 36. Rb8 Kd6 37. Rb7 e5 38. Be2 e4+ 39. Kg2 Bb6 40. Rb8 g5 41. Rh8 Ra2 42. Rxh6+ Ke5 43. Bb5 Rxc2+ 44. Kf1 Ra2 45.
Rh8 Kf4 46. Rf8+ Ke3 47. Re8 Kd4 48. Be2 Ke3 49. Rd8 Ra1+ 50. Kg2 Kf4 51. Rxd5 Ra2 52. Kf1 Ra1+ 53. Kg2 Ra2 54. Kf1 Ra1+ 55. Rd1 Rxd1+ 56. Bxd1 g4 57. Be2 g3 58. Bb5 c5 59. Bc4 Ke5 60.
Kg2 Kd4 61. Bb5 c4 62. Kxg3 c3 63. Ba4 e3 64. Kf3 Kd3 65. Bb5+ Kd2 66. Ba4 c2 67. Bxc2 Kxc2 68. Ke2 Kc3 69. Ke1 Kb4 70. Ke2 Ka5 71.
Kd3 Kxa6 72. Ke2 Kb7 73. Kd3 Kc6 74. Ke2 Kd5 75. Kd3 Ke5 76. Ke2 Ke4 77. Ke1 Kd3 78. Kd1 e2+ 79. Ke1 Ba5+ 80. Kf2 e1=Q+ 81. Kf3 Qe4+ 82.
Kf2 Qe3+ 83. Kg2 Qf4 84. Kh1 Qg4 85. Kh2 Ke2 86. Kh1 Kf1 87. Kh2 Qg2# 0-1

[Event "Early-Titled-Tuesday-Blitz-January-30-2024"]
[Site "Chess.com"]
[Date "2024.01.30"]
[Round "1"]
[White "Perecke"]
[Black "Baku_Boulevard"]
[Result "1-0"]
[WhiteElo "2552"]
[BlackElo "3051"]
[TimeControl "180+1"]
[EndTime "8:09:06 PST"]
[Termination "Perecke won by checkmate"]

1. e4 c5 2. Nf3 d6 3. d4 cxd4 4. Nxd4 Nf6 5. Nc3 g6 6. Be3 Bg7 7. f3 O-O 8. Qd2 Nc6 9. O-O-O d5 10. exd5 Nxd5 11. Nxc6 bxc6 12. Bd4 Bxd4 13. Qxd4 Qb6 14. Na4 Qa5 15. b3 Qc7 16. Bc4 Rd8 17. Qc5 Qe5 18. Qd4 Qd6 19. Kb1 Bf5 20. Kb2 Bxc2 21. Kxc2 Nb4+ 22. Kc3 Nxa2+ 23. Kb2 Qxd4+ 24. Rxd4 Rxd4 25. Kxa2 Rd2+ 26. Ka3 Rxg2 27. Rd1 Rxh2 28. Rd7 e6 29. Nc5 h5 30. Ne4 h4 31. Ng5 Rh1 32. Nxf7 Re1 33. Nh6+ Kf8 34. Ng4 Re8 35. Rh7 Re7 36.
Rxh4 Kg7 37. f4 Rf7 38. Ne5 g5 39. Rg4 Rxf4 40. Rxg5+ Kf6 41. Rg6+ Kxe5 42. Rxe6+ Kd4 43. Rxe1 Kc5 44. Re5+ Kb6 45. Rh5 Rf6 46. Rh8 Rd6 47. Kb4 Rf6 48. Rg8 Rh6 49. Rf8 Rd6 50. Rb8+ Kc7 51.
Kc5 Rh6 52. Rg8 Rh5+ 53. Kb4 Kb6 54. Rg6 Rf5 55. Bd3 Re5 56. Kc4 Rc5+ 57. Kd4 Rd5+ 58. Kc3 Rc5+ 59. Bc4 Re5 60. b4 a6 61. Rg8 a5 62. bxa5+ Rxa5 63. Rb8+ Kc5 64. Rb1 Ra3+ 65. Bb3 Ra7 66. Rh1 Rg7 67. Rh5+ Kb6 68. Kd4 Rg4+ 69. Ke5 Rb4 70. Rh3 Rb5+ 71. Kd6 Rb4 72. Be6 Rd4+ 73. Ke5 Rd1 74. Bf5 Rd5+ 75. Ke6 Rc5 76. Be4 Rc4 77.
Ke5 Rc5+ 78. Kd6 Rg5 79. Rb3+ Rb5 80. Rc3 c5 81. Bd3 Rb4 82. Bc4 Ra4 83. Bd5 Ra5 84.
Bc6 Ra3 85. Rxa3 c4 86. Ra1 c3 87. Rb1+ Ka5 88. Kc5 c2 89. Ra1# 1-0

[Event "Early-Titled-Tuesday-Blitz-January-30-2024"]
[Site "Chess.com"]
[Date "2024.01.30"]
[Round "1"]
[White "Viktor_Poddubnyi"]
[Black "karinachess1"]
[Result "1/2-1/2"]
[WhiteElo "2325"]
[BlackElo "2636"]
[TimeControl "180+1"]
[EndTime "8:09:06 PST"]
[Termination "Game drawn by repetition"]

1. e4 e5 2. f4 d5 3. exd5 e4 4. d3 Qxd5 5. Nc3 Bb4 6. Bd2 Bxc3 7. Bxc3 Nf6 8. dxe4 Qxe4+ 9. Qe2 O-O 10. Bxf6 Qxe2+ 11. Bxe2 gxf6 12. O-O-O Nc6 13. Bf3 Be6 14. Ne2 Rfe8 15.
Nc3 a6 16. Nd5 Bxd5 17. Rxd5 Re7 18. Rc5 Nd8 19. Rd1 c6 20. f5 Kg7 21. Rc4 b5 22. Rcd4 Nb7 23. Bxc6 Rc8 24. Bf3 Nc5 25. Kb1 Re5 26.
Rd5 Rce8 27. b3 b4 28. Kb2 a5 29. Rxe5 fxe5 30. Rd5 Nb7 31. Rb5 Nd6 32. Rxa5 Nxf5 33. Be4 Nd6 34. Bc6 Re7 35. Kc1 f5 36. Kd2 f4 37. Ke2 e4 38. Rd5 Re6 39. Bd7 Rf6 40.
Bg4 Rg6 41. h3 Nf7 42. Rd4 Rc6 43. Rxe4 Rxc2+ 44. Kf1 Rxa2 45. Rxb4 Ra1+ 46. Kf2 Ne5 47. Rxf4 Nd3+ 48. Ke3 Nxf4 49. Kxf4 Rb1 50. Be6 Kf6 51. Bc4 h6 52. Kg3 Rb2 53. Kh2 Kg5 54. Bd5 Kf4 55. Bc4 Rb1 56. Bf7 Kg5 57. Bc4 Rb2 58. Bg8 h5 59.
Bc4 h4 60. Bg8 Kf4 61. Bc4 Ke3 62. Bd5 Kf2 63. Bc4 Rb1 64. Bd5 Rb2 65. Bf3 Rxb3 66.
Ba8 Rg3 67. Bf3 Ke3 68. Ba8 Rg5 69. Bf3 Kf4 70. Ba8 Re5 71. Bf3 Ke3 72. Ba8 Kf2 73. Bf3 Re3 74. Ba8 Rg3 75. Bf3 Rg7 76. Ba8 Ra7 77. Bf3 Rc7 78. Bd5 Rc5 79. Bf3 Rc8 80. Bb7 Rb8 81. Bf3 Rb3 82. Bc6 Rg3 83. Bf3 1/2-1/2

[Event "Early-Titled-Tuesday-Blitz-January-30-2024"]
[Site "Chess.com"]
[Date "2024.01.30"]
[Round "1"]
[White "ATM622"]
[Black "lucliasco"]
[Result "0-1"]
[WhiteElo "2493"]
[BlackElo "2880"]
[TimeControl "180+1"]
[EndTime "8:09:10 PST"]
[Termination "lucliasco won by resignation"]

1. d4 d5 2. c4 Nc6 3. Nf3 Bg4 4. cxd5 Bxf3 5. dxc6 Bxc6 6. Nc3 e6 7. e4 Bb4 8. f3 Nf6 9. Bc4 Qe7 10. O-O O-O-O 11.
Be3 Kb8 12. Qb3 Ba5 13. Kh1 Bb6 14. Rad1 Nh5 15. d5 Bxe3 16. dxc6 Bb6 17. cxb7 Qg5 18. Ne2 a5 19. f4 Rxd1 20. Qxd1 Qe7 21. Nc3 g6 22. e5 Rd8 23. Qe1 Qb4 24. b3 Kxb7 25. g4 Ng7 26. Qe4+ Kb8 27. Nb1 Rd4 28. Qc6 Qc5 29.
Qxc5 Bxc5 30. Kg2 h5 31. h3 a4 32. Kf3 a3 33. Rc1 Bb4 34. Bb5 c5 35. Bc4 Kc7 36. Rf1 Kb6 37. Rc1 Kc7 38. Rg1 Kd8 39. Rf1 Ke7 40. Rc1 Ne8 41. Rc2 Nc7 42. Nc3 Bxc3 43. Rxc3 Na8 44. Bb5 Nb6 45. Rxc5 hxg4+ 46. hxg4 Rd2 47.
Rc7+ Kf8 48. Rb7 Nd5 49. Bc4 Nc3 50. Ra7 Rxa2 51. b4 Ra1 52. f5 gxf5 53. gxf5 a2 54. Bxa2 Rxa2 55. Rc7 Nd5 56. Rc8+ Kg7 57. fxe6 fxe6 58. Re8 Kf7 59. Rb8 Ra7 60. b5 Rd7 61. b6 Re7 62. b7 Kg7 63. Rg8+ Kxg8 64. b8=Q+ Kf7 65. Qd6 Re8 66. Qd7+ Ne7 67. Qd4 Nf5 68. Qa7+ Re7 69. Qc5 Kg6 70. Kf4 Rf7 71. Qg1+ Kh7 72.
Qh2+ Kg8 73. Qg2+ Kf8 74. Kg5 Rg7+ 75. Kf6 Rxg2 76. Kxe6 Ng7+ 77. Kd7 Rd2+ 78. Kc6 Re2 79. Kd6 Kf7 80. Kd5 Ne6 81. Kd6 Rd2+ 82. Kc6 Kg6 0-1

[Event "Early-Titled-Tuesday-Blitz-January-30-2024"]
[Site "Chess.com"]
[Date "2024.01.30"]
[Round "1"]
[White "GameOverBro"]
[Black "ChEsper99"]
[Result "1-0"]
[WhiteElo "2570"]
[BlackElo "2123"]
[TimeControl "180+1"]
[EndTime "8:09:15 PST"]
[Termination "GameOverBro won on time"]

1. e4 c5 2. Ne2 d6 3. g3 g6 4. Bg2 Bg7 5. c3 e5 6. d4 exd4 7. cxd4 Nc6 8. dxc5 dxc5 9. Qxd8+ Nxd8 10. Nbc3 Ne7 11. Be3 b6 12. O-O-O Ba6 13. Nf4 Ndc6 14.
Nfd5 Nxd5 15. Nxd5 O-O-O 16. f4 Nd4 17. Rhe1 Bb7 18.
b4 Bxd5 19. exd5 Rhe8 20. bxc5 bxc5 21. Bf2 Kc7 22. Kd2 Kd6 23. Rb1 Rb8 24. Rxb8 Rxb8 25. Kc1 a5 26. g4 f5 27. h3 a4 28. Re3 Rb4 29. Bf1 Kxd5 30. Re7 Ne6 31. Bg2+ Kd6 32.
Ra7 a3 33. Ra6+ Kd7 34. Bc6+ Ke7 35. Bd5 Nd4 36. Ra7+ Kd6 37. Rxg7 Kxd5 38. Rxh7 Ne2+ 39. Kd2 Rb2+ 40. Ke1 Rxa2 41. Rd7+ Kc4 42. Re7 Rb2 43.
Rc7 a2 44. Rxc5+ Kb3 45. Ra5 Rb1+ 46. Kxe2 a1=Q 47. Rxa1 Rxa1 48. gxf5 gxf5 49. Bd4 Ra6 50. Kf3 Kc4 51. Be5 Kd5 52. Kg3 Ke6 53. Kh4 Ra3 54.
Bc7 Rf3 55. Be5 Rf1 56. Bb8 Rg1 57. Kh5 Rg8 58. Be5 Kf7 59. h4 Rg6 60. Bc7 Rg7 61. Be5 Rg4 62. Bb8 Kg7 63. Be5+ Kh7 64. Bd6 Rg6 65. Be5 Rg2 66. Bc7 Kg7 67. Bb8 Kf6 68. Be5+ Kf7 69. Kh6 Rg4 70. h5 Rg2 71. Kh7 Rh2 72. Kh6 Rg2 73. Bd6 Rh2 74. Kg5 Rg2+ 75.
Kxf5 Rh2 76. Kg4 Rg2+ 77. Kh4 Rg7 78. Be5 Rh7 79. Kg5 Ke6 80. h6 Rf7 81. Kg6 1-0